 Dungeon Crawl Stone Soup version 0.30-a0-1157-g2cc9ac7196 (webtiles) character file.

Game seed: 7839288814149198050

330234 meatpath the Slayer (level 20, -4/163 HPs)
             Began as a Demonspawn Berserker on Apr 22, 2023.
             Was the Champion of Trog.
             Killed from afar by a hellion (27 damage)
             ... with damnation
             ... on level 5 of the Abyss on Apr 24, 2023.
             The game lasted 03:16:50 (53922 turns).

meatpath the Slayer (Demonspawn Berserker)         Turns: 53922, Time: 03:16:50

Health: -4/163     AC: 32    Str: 23      XL:     20   Next: 84%
Magic:  16/16      EV: 22    Int: 10 (12) God:    Trog [******]
Gold:   1614       SH: 20    Dex: 11      Spells: 19/19 levels left

rFire   + . .        h - +9 eveningstar (protect)
rCold   . . .        p - +5 kite shield
rNeg    . . .        I - +6 acid dragon scales
rPois   .            (helmet restricted)
rElec   +            B - scarf {repulsion}
rCorr   +            J - +2 pair of gloves of Cheibriados, Healing {+Inv}
SInv    .            O - +2 pair of boots {rampage}
Will    +....        K - amulet of faith
Stlth   +            c - +5 ring of evasion
HPRegen 0.00/turn    o - ring "Pesusiott" {rElec rF+ Str+4 Int+2}
MPRegen 0.15/turn

%: random rage (9%), repel missiles, rampage, faith
@: sick, inhibited regen, slowed, unable to drink, very slow
A: antennae 1, thin metallic scales 3, demonic guardian 2, icemail 2,
condensation shield, corrupting presence 1, fangs 1, deformed body, inhibited
regeneration, [berserk 2], clumsy 1[+1], deterioration 1[+1], [frail 1], [low MP
2], [screaming 2], [weak 2], [subdued magic 2], [inability to drink after injury
2]
}: 2/15 runes: barnacled, gossamer
a: Renounce Religion, Evoke Invisibility, Berserk, Trog's Hand, Brothers in Arms


You were on level 5 of the Abyss.
You worshipped Trog.
Trog was exalted by your worship.
You visited 7 branches of the dungeon, and saw 35 of its levels.
You visited the Abyss 1 time.
You also visited: Gauntlet and Ice Cave.

You collected 4078 gold pieces.
You spent 2464 gold pieces at shops.

Inventory:

Hand Weapons
 h - a +9 eveningstar of protection (weapon)
 U - a +8 demon whip of flaming
Missiles
 f - 3 throwing nets (quivered)
Armour
 p - a +5 kite shield (worn)
 t - a +1 cloak of preservation
 B - a scarf of repulsion (worn)
 E - the +1 pair of boots of Yredelemnul's Esteem {rPois Int+3}
   (You found it on level 4 of the Spider Nest)

   Int:       It affects your intelligence (+3).
   rPois:     It protects you from poison.
 I - +6 acid dragon scales (worn)
 J - the +2 pair of gloves of Cheibriados, Healing (worn) {+Inv}
   (You found it in a Gauntlet)

   +Inv:      It lets you turn invisible.
 O - a +2 pair of boots of rampaging (worn)
 P - a +2 cloak of cold resistance
Jewellery
 c - a +5 ring of evasion (left hand)
 k - a ring of protection from cold
 l - a ring of poison resistance
 o - the ring "Pesusiott" (right hand) {rElec rF+ Str+4 Int+2}
   (You found it on level 2 of the Shoals)

   [ring of protection from fire]

   Str:       It affects your strength (+4).
   Int:       It affects your intelligence (+2).
   rF:        It protects you from fire.
   rElec:     It insulates you from electricity.
 K - an amulet of faith (around neck)
 S - a ring of flight
Wands
 d - a wand of digging (3)
 u - a wand of flame (81)
 v - a wand of mindburst (20)
 F - a wand of charming (31)
 L - a wand of polymorph (17)
 R - a wand of quicksilver (3)
 Y - a wand of roots (9)
Scrolls
 b - 15 scrolls of teleportation
 n - 8 scrolls of fog
 w - 7 scrolls of blinking
 z - 2 scrolls of enchant armour
 A - 8 scrolls of poison
 C - a scroll of silence
 D - 2 scrolls of brand weapon
 H - 7 scrolls of magic mapping
 N - 2 scrolls of butterflies
 T - 2 scrolls of fear
Potions
 a - 7 potions of mutation
 g - 6 potions of flight
 i - 15 potions of lignification
 j - 19 potions of curing
 m - 4 potions of might
 q - 5 potions of cancellation
 r - 5 potions of resistance
 x - a potion of heal wounds
 G - 8 potions of attraction
 V - 2 potions of invisibility
 W - 8 potions of berserk rage
 Z - 6 potions of ambrosia
Miscellaneous
 e - a box of beasts (inert)
 y - a condenser vane
 M - a phantom mirror
 X - a phial of floods


   Skills:
 + Level 21.8 Fighting
 - Level 3.6 Long Blades
 - Level 16.0 Maces & Flails
 - Level 14.8 Armour
 + Level 16.1 Dodging
 - Level 10.5 Shields
 + Level 13.8 Evocations


You had 19 spell levels left.
You didn't know any spells.
Your spell library was empty.

Dungeon Overview and Level Annotations

Branches:
Dungeon (15/15)            Temple (0/1) D:4            Lair (5/5) D:9
 Shoals (4/4) Lair:3       Spider (4/4) Lair:3        Slime (0/5) Lair:5
    Orc (2/2) D:12            Elf (3/3) Orc:2        Vaults (2/5) D:13
 Depths (0/4) D:15          IceCv (visited)         Gauntlet (visited)
  Crypt: Vaults:2-3

Altars:
Ashenzari
Dithmenos
Fedhas
Hepliaklqana
Kikubaaqudgha
Okawaru
Ru
Trog
Uskayaw
Vehumet
Wu Jian
Yredelemnul
Lugonu

Shops:
D:9 *   D:12 [   Orc:1 :   Orc:2 ?(?:?   Elf:1 *:[[   Elf:2 (   Shoals:1 !
Shoals:3 :

Portals:
Abyss: D:5


Innate Abilities, Weirdness & Mutations

You have a pair of small antennae on your head.
You are completely covered in thin metallic scales. (AC +4, rElec)
A demonic guardian rushes to your aid.
A meltable icy envelope protects you from harm. (AC +8)
A meltable shield of frost defends you. (SH +4)
Your presence sometimes corrodes those you injure.
You have very sharp teeth.
Armour fits poorly on your strangely shaped body.
You do not regenerate when monsters are visible.
[You have an uncontrollable temper.]
[You are very clumsy. (Dex -4)]
[Your body often deteriorates upon taking damage.]
[You are frail. (-10% HP)]
[Your magical capacity is very low. (-20% MP)]
[You frequently scream uncontrollably at your foes.]
[You are very weak. (Str -4)]
[Your spells are easier to cast, but less powerful.]
[You sometimes lose the ability to drink potions when taking damage.]


Message History

You occasionally lose the ability to drink potions when taking damage.
You lose the ability to drink potions when taking damage more often.
You feel the urge to shout.
You feel a strong urge to scream.
The meliai invokes the aid of its god against you.
Something smites you!
You feel threatened and lose the ability to drink potions!
* * * LOW HITPOINT WARNING * * *
The swamp drake breathes poison at you.
The noxious blast engulfs the worldbinder but does no damage.
The meliai is engulfed in noxious fumes.
The worldbinder calls forth creatures from the Swamp!
You are suddenly pulled into a different region of the Abyss!
The swamp drake disappears in a puff of smoke!
The abyss shimmers again as the detected abyssal rune vanishes from your memory and reappears.
You start resting.
You can drink potions again.
You start resting.
Your extra speed is starting to run out.
You start resting.
You feel yourself slow down.
You start resting.
A daeva comes into view.
It is wielding a +3 long sword of holy wrath and wearing a +2 tower shield of resistance.
A daeva is nearby!
A small abomination comes into view.
You block the hellion's attack.
The small abomination barely misses you.
The hellion attacks as you move away! You block the hellion's attack.
The hellion gestures at you.
The sphere of damnation explodes!
The damnation engulfs you!!
You feel threatened and lose the ability to drink potions!
* * * LOW HITPOINT WARNING * * *
A demonic guardian appears!
You hear a bark! x2; You hear a roar!
You hear a bark!
You cannot drink potions in your current state!
The small abomination attacks as you move away!
You block the small abomination's attack.
You recover from your berserk rage.
The hellion gestures at you.
The sphere of damnation explodes!
The damnation engulfs you!!
You die...

###########
.3....#..#
#.##.#.##
##.x2#..##
#@##...#.#
#.....#..#.#.##
###.#..#......#
#. ##..######
.# ##... ##
#......
.....#.. #
###...# A . ..


You could see a hellion and a small abomination.

Vanquished Creatures
  Arachne (Spider:2)
  Rupert (D:14)
  Asterion (Spider:2)
  A lich (Abyss:5)
  A deep elf master archer (Elf:3)
  Ilsuiw (Shoals:4)
  A tengu reaver (Vaults:1)
  Kirke (D:13)
  Donald (Elf:2)
  The ghost of Etsiduud the Severer, a journeyman MiFi of the Shining One (D:15)
  3 emperor scorpions
  4 deep elf sorcerers (Elf:3)
  A frost giant (Vaults:1)
  Louise (Elf:2)
  A cacodemon (Abyss:3)
  3 ghost moths
  4 deep elf elementalists (Elf:3)
  The ghost of Xanau the Cleaver, a journeyman FoFi of Okawaru (D:14)
  2 ironbound preservers
  3 very ugly things (Vaults:2)
  10 broodmothers
  3 deep elf demonologists
  2 ironbound thunderhulks
  A dire elephant (Lair:5)
  Azrael (Spider:1)
  5 deep elf annihilators
  A minotaur (Gauntlet)
  6 merfolk javelineers
  7 merfolk impalers
  9 deep elf death magi
  An entropy weaver (Spider:2)
  4 great orbs of eyes
  A shambling mangrove (Abyss:4)
  4 deep elf high priests (Elf:3)
  3 yaktaur captains (Vaults:1)
  5 vault guards
  A rakshasa (D:15)
  6 hydras
  4 merfolk avatars
  3 centaur warriors
  A jorogumo (Spider:4)
  A hell beast (Gauntlet)
  6 catoblepae
  3 radroaches
  4 ironbound frosthearts
  7 boulder beetles
  7 satyrs
  A tengu warrior (D:13)
  2 merfolk aquamancers (Shoals:4)
  29 dancing weapons
  3 thrashing horrors (Abyss:3)
  6 death yaks (Lair:5)
  7 two-headed ogres
  4 orc high priests
  12 deep elf knights
  2 wretched stars (Abyss:3)
  Sonja (Lair:3)
  3 sixfirhies (Abyss:3)
  A skeletal warrior (D:12)
  6 skysharks
  A sun moth (Spider:4)
  11 sea snakes
  4 pharaoh ants
  9 orb spiders
  A phantasmal warrior (Vaults:1)
  10 deep elf archers
  7 lindwurms
  A wizard (Vaults:2)
  8 steelbarb worms
  3 ironbound convokers
  13 deep elf pyromancers
  4 orc knights
  15 ugly things
  24 wolf spiders
  4 orc sorcerers
  23 deep elf zephyrmancers
  25 fauns
  A necromancer (Vaults:2)
  26 harpies
  4 moths of wrath
  13 manticores
  8 cyclopes
  A worldbinder (Abyss:4)
  3 black mambas
  12 merfolk sirens
  20 elephants
  A guardian serpent (shapeshifter) (Elf:1)
  3 vault sentinels (Vaults:2)
  An eye of devastation (shapeshifter) (Vaults:1)
  A demonic crawler (Spider:3)
  3 ice statues
  Maggie (Lair:2)
  5 torpor snails
  9 cane toads
  7 water nymphs
  A black mamba (shapeshifter) (D:15)
  3 smoke demons
  4 rime drakes
  A gargoyle (D:12)
  2 yaktaurs (Vaults:1)
  2 orange demons (Abyss:3)
  6 unseen horrors
  5 ice devils (IceCv)
  3 ancient zymes
  A komodo dragon (shapeshifter) (D:13)
  11 komodo dragons
  21 merfolk
  2 anaconda simulacra (IceCv)
  A queen bee (shapeshifter) (D:15)
  A red devil (Gauntlet)
  10 trolls
  7 meliai
  5 wind drakes
  A hornet (D:9)
  A polar bear (shapeshifter) (D:15)
  A troll (shapeshifter) (Elf:2)
  A polar bear (Lair:2)
  5 raiju (Abyss:3)
  33 tarantellas
  9 blink frogs
  8 snapping turtles
  18 slime creatures
  An ettin zombie (Vaults:2)
  21 jumping spiders
  A jumping spider (shapeshifter) (D:13)
  Sigmund (D:2)
  19 culicivoras
  4 wyverns
  2 air elementals (Elf:2)
  A vampire (D:14)
  The ghost of jasper the Shooter, an amateur SpHu of Okawaru (D:5)
  7 water elementals
  4 dire elephant simulacra (IceCv)
  5 wraiths
  2 hogs (D:13)
  A large abomination (Abyss:3)
  60 yaks
  5 fire elementals
  5 basilisks
  37 redbacks
  6 neqoxecs
  4 vampire mosquitoes (D:10)
  A warg (Orc:2)
  A hydra simulacrum (IceCv)
  3 acid dragons
  3 harpy simulacra (IceCv)
  A human simulacrum (Vaults:2)
  6 small abominations
  A glowing shapeshifter skeleton (Vaults:2)
  5 hell hounds
  An acid dragon (shapeshifter) (Elf:1)
  17 water moccasins
  23 orc warriors
  An ice beast (D:7)
  A sky beast (D:6)
  An ettin simulacrum (Vaults:2)
  A black bear (Lair:2)
  5 ogres
  2 boggarts (D:15)
  24 wolves
  6 centaurs
  3 phantoms
  A human skeleton (Vaults:2)
  9 bullfrogs
  3 kobold brigands
  A scorpion (D:5)
  2 earth elementals
  2 two-headed ogre simulacra (IceCv)
  3 wights (D:8)
  9 killer bees
  4 electric eels
  5 howler monkeys
  4 crimson imps (Gauntlet)
  4 quasits
  7 hounds
  5 jellies
  19 orc priests
  2 iron imps (Abyss:3)
  An iguana (D:6)
  A hell rat (Lair:1)
  19 orc wizards
  A wolf simulacrum (IceCv)
  3 gnolls (D:3)
  7 adders
  A naga simulacrum (IceCv)
  3 shadow imps
  A white imp (D:8)
  2 ufetubi
  5 worms
  3 dart slugs
  54 orcs
  7 ball pythons
  6 endoplasms
  A giant cockroach (D:4)
  10 goblins
  7 hobgoblins
  15 kobolds
  A quokka (D:4)
  17 bats
  2 frilled lizards
  A rat (D:1)
1202 creatures vanquished.

Vanquished Creatures (collateral kills)
  Mlioglotl (Shoals:4)
  A reaper (IceCv)
  The ghost of themarg the Convoker, a journeyman MfSu of Sif Muna (Lair:5)
  2 merfolk javelineers (Shoals:4)
  A rakshasa (D:15)
  2 boulder beetles
  An alligator snapping turtle (Shoals:4)
  An orc high priest (Orc:2)
  A death yak (Lair:5)
  A deep elf archer (Elf:2)
  A necromancer (Vaults:2)
  4 deep elf zephyrmancers (Elf:1)
  A steelbarb worm (Spider:4)
  A deep elf pyromancer (Elf:1)
  2 fauns (Shoals:4)
  A wolf spider (Spider:4)
  6 elephants
  A manticore (D:15)
  2 worldbinders (Abyss:4)
  A merfolk siren (Shoals:4)
  A black mamba (Lair:4)
  A torpor snail (Spider:1)
  2 cane toads
  3 water nymphs
  A rime drake (Lair:1)
  A hellion (Abyss:3)
  3 komodo dragons
  An efreet (D:15)
  An ancient zyme (Abyss:3)
  2 merfolk (Shoals:4)
  A troll (Orc:2)
  2 hornets (Abyss:4)
  A tarantella (Spider:1)
  A wind drake (Shoals:4)
  A blink frog (Lair:5)
  3 slime creatures
  4 jumping spiders (Spider:1)
  A culicivora (Spider:4)
  3 water elementals
  3 yaks
  2 neqoxecs
  5 redbacks
  A warg (Elf:2)
  3 water moccasins
  An orc warrior (D:12)
  A boggart (D:15)
  A bullfrog (Lair:4)
  2 killer bees (Lair:3)
  An electric eel (Lair:2)
  A jelly (D:5)
  An orc wizard (D:12)
  3 orcs
90 creatures vanquished.

Vanquished Creatures (others)
  A deep elf blademaster (Elf:3)
  A dancing weapon (Elf:2)
  A deep elf knight (Elf:1)
  2 deep elf zephyrmancers
  A deep elf pyromancer (Elf:2)
  A cyclops (Shoals:4)
  A water nymph (Shoals:4)
  A shadow (Abyss:3)
  2 humans (D:13)
  A redback (Spider:4)
  A small abomination (Abyss:3)
  2 orc wizards (Orc:2)
  A bush (Lair:5)
  19 fungi
  A lurking horror (Abyss:3)
  177 plants
  2 spectral weapons (D:12)
  17 starspawn tentacles
  5 tentacles (Shoals:2)
  9 toadstools (Lair:1)
246 creatures vanquished.

Grand Total: 1538 creatures vanquished

Notes
Turn   | Place    | Note
-------+----------+-------------------------------------------
     0 | D:1      | meatpath the Demonspawn Berserker began the quest for the
                  | Orb.
     0 | D:1      | Reached XP level 1. HP: 18/18 MP: 1/1
   394 | D:1      | Gained mutation: A weak demonic guardian rushes to your
                  | aid. [demonic ancestry]
   394 | D:1      | Reached XP level 2. HP: 24/24 MP: 2/2
   786 | D:1      | Found a faded altar of an unknown god.
  1211 | D:2      | Reached XP level 3. HP: 27/29 MP: 3/3
  1211 | D:2      | Reached ** piety under Trog
  1404 | D:2      | Noticed Sigmund
  1442 | D:2      | Killed Sigmund
  1443 | D:2      | Reached skill level 4 in Fighting
  1443 | D:2      | Reached XP level 4. HP: 38/38 MP: 4/4
  1443 | D:2      | Reached XP level 5. HP: 43/43 MP: 5/5
  2024 | D:3      | Gained mutation: A meltable shield of frost defends you.
                  | (SH +4) [demonic ancestry]
  2024 | D:3      | Reached XP level 6. HP: 49/49 MP: 6/6
  2545 | D:4      | Upgraded the game from 0.30-a0-1123-gabc949cf19 to
                  | 0.30-a0-1124-g6e8f0f562f
  2571 | D:4      | Found a radiant altar of Vehumet.
  2600 | D:4      | Reached *** piety under Trog
  2601 | D:4      | Reached skill level 5 in Fighting
  2649 | D:4      | Found a staircase to the Ecumenical Temple.
  2895 | D:4      | Identified the +3 mace of Burnt Cruel Justice {holy, rPois
                  | rN+}
  3068 | D:4      | Found an iron altar of Okawaru.
  3089 | D:4      | Reached XP level 7. HP: 56/56 MP: 7/7
  3282 | D:5      | Entered Level 5 of the Dungeon
  3320 | D:5      | Reached skill level 5 in Maces & Flails
  3432 | D:5      | Found a transporter.
  3433 | D:5      | Found a one-way gate to the infinite horrors of the Abyss.
  3433 | D:5      | Noticed jasper's ghost (amateur SpHu)
  3560 | D:5      | Found an ancient bone altar of Kikubaaqudgha.
  3563 | D:5      | Found a bloodstained altar of Trog.
  3566 | D:5      | Found a basalt altar of Yredelemnul.
  3567 | D:5      | Found a shadowy altar of Dithmenos.
  3567 | D:5      | Found an ornate altar of the Wu Jian Council.
  3567 | D:5      | Found a blossoming altar of Fedhas.
  3569 | D:5      | Found a broken altar of Ashenzari.
  3626 | D:5      | Found a transporter.
  3750 | D:5      | Reached skill level 5 in Armour
  3902 | D:5      | Reached skill level 6 in Fighting
  3902 | D:5      | Gained mutation: You are partially covered in thin metallic
                  | scales. (AC +2) [demonic ancestry]
  3902 | D:5      | Reached XP level 8. HP: 57/64 MP: 8/8
  3917 | D:5      | Killed jasper's ghost
  4509 | D:6      | Found a sacrificial altar of Ru.
  4527 | D:6      | Reached skill level 7 in Fighting
  5133 | D:6      | Gained mutation: You are mostly covered in thin metallic
                  | scales. (AC +3) [demonic ancestry]
  5133 | D:6      | Reached XP level 9. HP: 30/72 MP: 9/9
  5482 | D:7      | Noticed a cyclops
  5510 | D:6      | Killed a cyclops
  5567 | D:7      | Noticed a cyclops
  5693 | D:6      | Reached skill level 8 in Fighting
  5710 | D:7      | Killed a cyclops
  5800 | D:7      | Reached **** piety under Trog
  6214 | D:8      | Reached skill level 9 in Fighting
  6214 | D:8      | Reached XP level 10. HP: 43/83 MP: 10/10
  6423 | D:8      | Found a hide-covered altar of Uskayaw.
  6555 | D:8      | Noticed a two-headed ogre
  6567 | D:8      | Killed a two-headed ogre
  6652 | D:8      | Noticed a two-headed ogre
  6667 | D:8      | Killed a two-headed ogre
  6867 | D:8      | Reached skill level 10 in Armour
  7093 | D:8      | Noticed an eight-headed hydra
  7147 | D:8      | Noticed a manticore
  7263 | D:8      | Killed a manticore
  7264 | D:8      | Reached skill level 10 in Fighting
  7926 | D:9      | Found a staircase to the Lair.
  8108 | D:9      | Reached XP level 11. HP: 92/92 MP: 11/11
  8113 | D:9      | Noticed a two-headed ogre
  8123 | D:9      | Killed a two-headed ogre
  8468 | D:9      | Found Cuas's Assorted Antiques.
  8479 | D:9      | Bought a warped flail for 229 gold pieces
  8479 | D:9      | Identified the +1 flail of Gallantry {spect, rElec Int+3}
                  | (You bought it in a shop on level 9 of the Dungeon)
  8810 | D:10     | Entered Level 10 of the Dungeon
  9605 | D:10     | Reached skill level 10 in Maces & Flails
  9850 | D:10     | Found a hazy altar of Hepliaklqana.
 10190 | D:10     | Reached skill level 11 in Fighting
 10883 | D:10     | Upgraded the game from 0.30-a0-1124-g6e8f0f562f to
                  | 0.30-a0-1157-g2cc9ac7196
 11623 | D:11     | Noticed a boulder beetle
 11688 | D:11     | Killed a boulder beetle
 11983 | D:11     | Noticed a two-headed ogre
 11999 | D:11     | Killed a two-headed ogre
 12070 | D:11     | Noticed a white ugly thing
 12311 | D:11     | Killed a white ugly thing
 12742 | D:12     | Gained mutation: A demonic guardian rushes to your aid.
                  | [demonic ancestry]
 12742 | D:12     | Reached XP level 12. HP: 68/102 MP: 12/12
 12884 | D:12     | Reached skill level 12 in Fighting
 13112 | D:12     | Found a corrupted altar of Lugonu.
 13147 | D:12     | Found Ocun's Antique Armour Shop.
 13744 | D:12     | Noticed a two-headed ogre
 13751 | D:12     | Killed a two-headed ogre
 13814 | D:12     | Noticed a catoblepas
 13820 | D:12     | Killed a catoblepas
 13979 | D:12     | Noticed a two-headed ogre
 13987 | D:12     | Killed a two-headed ogre
 14252 | D:12     | Found a staircase to the Orcish Mines.
 14479 | Lair:1   | Entered Level 1 of the Lair of Beasts
 14533 | D:9      | Bought a glowing morningstar for 189 gold pieces
 14533 | D:9      | Bought a scroll of teleportation for 81 gold pieces
 14569 | Lair:1   | Reached ***** piety under Trog
 14696 | Lair:1   | Noticed an eight-headed hydra
 14709 | Lair:1   | Killed an eight-headed hydra
 14776 | Lair:1   | Reached skill level 13 in Fighting
 14921 | Lair:1   | Noticed a catoblepas
 14921 | Lair:1   | Noticed a catoblepas
 14943 | Lair:1   | Found a runed translucent door.
 15957 | Lair:2   | Noticed Maggie
 15973 | Lair:2   | Killed Maggie
 15974 | Lair:2   | Reached XP level 13. HP: 96/111 MP: 13/13
 17387 | Lair:2   | Identified the +11 long sword "Haaser" {antimagic, rPois}
 17777 | Lair:2   | Received a gift from Trog
 18040 | Lair:3   | Reached skill level 1 in Long Blades
 18131 | Lair:3   | Found a hole to the Spider Nest.
 18281 | Lair:3   | Found a staircase to the Shoals.
 18301 | Lair:3   | Reached skill level 14 in Fighting
 18546 | Lair:3   | Noticed Sonja
 18569 | Lair:3   | Killed Sonja
 20855 | Lair:5   | Entered Level 5 of the Lair of Beasts
 20982 | Lair:5   | Gained mutation: You are completely covered in thin
                  | metallic scales. (AC +4, rElec) [demonic ancestry]
 20982 | Lair:5   | Reached XP level 14. HP: 117/121 MP: 14/14
 21207 | Lair:5   | Found a runed translucent door.
 21207 | Lair:5   | Found a staircase to the Slime Pits.
 21237 | Lair:5   | Received a gift from Trog
 21295 | Lair:5   | Reached skill level 5 in Dodging
 21834 | Lair:5   | Reached skill level 15 in Fighting
 21877 | Lair:5   | Noticed themarg's ghost (journeyman MfSu)
 21886 | Lair:5   | Found a transporter.
 21889 | Lair:5   | Found a transporter.
 24096 | D:13     | Noticed Kirke
 24114 | D:13     | Killed Kirke
 24342 | D:13     | Found a gate to the Vaults.
 24894 | D:13     | Reached skill level 1 in Shields
 25481 | D:14     | Noticed Rupert
 25495 | D:14     | Killed Rupert
 25495 | D:14     | Received a gift from Trog
 25555 | D:14     | Found a transporter.
 25555 | D:14     | Noticed Xanau's ghost (journeyman FoFi)
 25619 | D:14     | Found a transporter.
 25727 | D:14     | Identified the +10 great mace of Destiny {heavy, rElec
                  | Int+3}
 25766 | D:14     | Reached XP level 15. HP: 104/130 MP: 15/15
 26137 | D:14     | Identified a scroll of acquirement
 26140 | D:14     | Acquired a +2 eveningstar of protection
 26153 | D:15     | Entered Level 15 of the Dungeon
 26324 | D:15     | Noticed Etsiduud's ghost (journeyman MiFi)
 26361 | D:15     | Reached skill level 16 in Fighting
 26420 | D:15     | Found a gate leading to a gauntlet.
 26535 | Gauntlet | Entered a Gauntlet
 26535 | Gauntlet | Found a transporter.
 26535 | Gauntlet | Found a transporter.
 26538 | Gauntlet | Found a transporter.
 26538 | Gauntlet | Found a transporter.
 26541 | Gauntlet | Found a transporter.
 26572 | Gauntlet | Found a transporter.
 26575 | Gauntlet | Found a transporter.
 26575 | Gauntlet | Found a transporter.
 26589 | Gauntlet | Found a transporter.
 26603 | Gauntlet | Found a transporter.
 26610 | Gauntlet | Found a transporter.
 26618 | Gauntlet | Found a transporter.
 26655 | Gauntlet | Found a transporter.
 26668 | Gauntlet | Found a transporter.
 26894 | Gauntlet | Identified the +0 hat of Ganubb {rC+ Int+2}
 26985 | Gauntlet | Identified the +10 shortbow of Growth {drain, rPois}
 27046 | Gauntlet | Identified the +2 pair of gloves of Cheibriados, Healing
                  | {+Inv}
 27137 | D:15     | HP: 4/131 [rakshasa (illusionary)/+0 trident (14)]
 27448 | D:15     | Found a runed translucent door.
 27572 | D:15     | Found a staircase to the Depths.
 27763 | D:15     | Killed Etsiduud's ghost
 27823 | D:15     | Identified the +4 leather armour of the Shining Light
                  | {rElec rF- rC+ SInv}
 28338 | D:14     | Gained mutation: [You sometimes lose your temper in
                  | combat.] [a neqoxec]
 28360 | D:14     | Killed Xanau's ghost
 28361 | D:14     | Reached skill level 5 in Shields
 28767 | Lair:1   | Lost mutation: [You sometimes lose your temper in combat.]
                  | [potion of mutation]
 28767 | Lair:1   | Gained mutation: Armour fits poorly on your strangely
                  | shaped body. [potion of mutation]
 28767 | Lair:1   | Gained mutation: [You are weak. (Str -2)] [potion of
                  | mutation]
 28767 | Lair:1   | Gained mutation: You are agile. (Dex +4, Str/Int -1)
                  | [potion of mutation]
 28768 | Lair:1   | Lost mutation: You are agile. (Dex +4, Str/Int -1) [potion
                  | of mutation]
 28768 | Lair:1   | Lost mutation: Armour fits poorly on your strangely shaped
                  | body. [potion of mutation]
 28768 | Lair:1   | Gained mutation: You have very sharp teeth. [potion of
                  | mutation]
 28768 | Lair:1   | Lost mutation: [You are weak. (Str -2)] [potion of
                  | mutation]
 29253 | Lair:5   | Killed themarg's ghost
 29622 | Orc:1    | Entered Level 1 of the Orcish Mines
 29793 | Orc:2    | Entered Level 2 of the Orcish Mines
 29805 | Orc:1    | Found Deucsif's Self-Improvement Boutique.
 29835 | Orc:1    | Found a frozen archway.
 29855 | IceCv    | Entered an ice cave
 29901 | IceCv    | Reached skill level 15 in Maces & Flails
 30002 | IceCv    | Received a gift from Trog
 30346 | Orc:1    | Bought a manual of Dodging for 1040 gold pieces
 30641 | Orc:2    | Found Gimpamo's Magic Scroll Emporium.
 30721 | Orc:2    | Reached ****** piety under Trog
 30858 | Orc:2    | Reached skill level 17 in Fighting
 30922 | Orc:2    | Found a staircase to the Elven Halls.
 31696 | Orc:1    | Identified the +5 falchion of Incongruity {flame, rF+}
                  | (Trog gifted it to you on level 1 of the Orcish Mines)
 31696 | Orc:1    | Received a gift from Trog
 31815 | Orc:2    | Paralysed by an orc sorcerer for 5 turns
 31828 | Orc:2    | Reached XP level 16. HP: 73/138 MP: 16/16
 32151 | Orc:2    | Found Dycong's Magic Scroll Boutique.
 32151 | Orc:2    | Found Lyrofabi's Weapon Shoppe.
 32156 | Orc:2    | Found Plog's Magic Scroll Boutique.
 32156 | Orc:2    | Found Cokuabuo's Book Shoppe.
 32177 | Orc:2    | Bought a scroll of enchant armour for 90 gold pieces
 32177 | Orc:2    | Bought a scroll of enchant armour for 90 gold pieces
 32181 | Orc:2    | Bought a scroll of enchant weapon for 127 gold pieces
 32181 | Orc:2    | Bought a scroll of enchant armour for 127 gold pieces
 32181 | Orc:2    | Bought a scroll of blinking for 127 gold pieces
 32568 | Spider:1 | Entered Level 1 of the Spider Nest
 32569 | Spider:1 | Noticed Azrael
 32779 | Spider:1 | Killed Azrael
 33714 | Spider:1 | Gained mutation: A meltable icy envelope protects you from
                  | harm. (AC +8) [demonic ancestry]
 33714 | Spider:1 | Reached XP level 17. HP: 138/148 MP: 17/17
 33770 | Spider:1 | Identified the +5 demon whip of Death {flame, rElec rC-
                  | Str+3 Dex+2} (Trog gifted it to you on level 1 of the
                  | Spider Nest)
 33770 | Spider:1 | Received a gift from Trog
 34386 | Spider:1 | Identified the +4 rapier "Ofoyxuci" {speed, rN+ Str-3 Int+4
                  | SInv}
 35121 | Spider:2 | Identified the ring of the Shining Light {MP+9 Stlth+}
 35275 | Spider:2 | Reached skill level 1 in Evocations
 35747 | Spider:2 | Noticed Asterion
 35775 | Spider:2 | Killed Asterion
 35776 | Spider:2 | Reached skill level 18 in Fighting
 36099 | Spider:2 | Noticed Arachne
 36130 | Spider:2 | Killed Arachne
 36715 | Spider:2 | Gained mutation: Armour fits poorly on your strangely
                  | shaped body. [mutagenic glow]
 36909 | Spider:3 | Received a gift from Trog
 37174 | Spider:3 | Identified the +1 mace of Truncation {venom, Fragile rC+
                  | rCorr SInv}
 37614 | Spider:4 | Entered Level 4 of the Spider Nest
 38072 | Spider:4 | Reached skill level 5 in Evocations
 38268 | Spider:4 | Gained mutation: A meltable icy envelope protects you from
                  | harm. (AC +8) [demonic ancestry]
 38268 | Spider:4 | Reached XP level 18. HP: 155/158 MP: 18/18
 38670 | Spider:4 | Reached skill level 10 in Shields
 38678 | Spider:4 | Received a gift from Trog
 38930 | Spider:4 | Got a gossamer rune of Zot
 38948 | Spider:4 | Identified the +1 pair of boots of Yredelemnul's Esteem
                  | {rPois Int+3}
 39671 | Shoals:1 | Entered Level 1 of the Shoals
 39843 | Shoals:1 | Reached skill level 19 in Fighting
 40430 | Shoals:1 | Found Geschup's Distillery.
 40438 | Shoals:1 | Bought a potion of might for 52 gold pieces
 40438 | Shoals:1 | Bought a potion of curing for 39 gold pieces
 40438 | Shoals:1 | Bought a potion of heal wounds for 65 gold pieces
 40438 | Shoals:1 | Bought a potion of mutation for 104 gold pieces
 40438 | Shoals:1 | Bought a potion of mutation for 104 gold pieces
 40638 | Shoals:2 | Identified the ring "Pesusiott" {rElec rF+ Str+4 Int+2}
 40862 | Shoals:2 | Received a gift from Trog
 41384 | Shoals:2 | Reached skill level 10 in Dodging
 41736 | Shoals:2 | Found a radiant altar of Vehumet.
 42263 | Shoals:3 | Received a gift from Trog
 42444 | Shoals:3 | Found Vifrum's Vocational Training.
 42748 | Shoals:4 | Entered Level 4 of the Shoals
 42937 | Shoals:4 | Noticed Mlioglotl
 42951 | Shoals:4 | Killed Mlioglotl
 43073 | Shoals:4 | Gained mutation: You have a pair of small antennae on your
                  | head. [demonic ancestry]
 43073 | Shoals:4 | Reached XP level 19. HP: 161/168 MP: 19/19
 43080 | Shoals:4 | Received a gift from Trog
 43117 | Shoals:4 | Got a barnacled rune of Zot
 43651 | Shoals:4 | Noticed Ilsuiw
 43660 | Shoals:4 | Reached skill level 20 in Fighting
 43660 | Shoals:4 | Reached skill level 10 in Evocations
 43731 | Shoals:4 | Killed Ilsuiw
 44555 | Shoals:4 | Received a gift from Trog
 45045 | Elf:1    | Entered Level 1 of the Elven Halls
 45462 | Elf:1    | Received a gift from Trog
 45667 | Elf:1    | Found Xuev's Armour Emporium.
 45668 | Elf:1    | Found Pured's Antique Armour Emporium.
 45668 | Elf:1    | Found Otaerchu's Assorted Antiques.
 45673 | Elf:1    | Found Tycwyra's Book Shoppe.
 45871 | Elf:2    | Found Sezxi's Weapon Boutique.
 46264 | Elf:2    | Received a gift from Trog
 46315 | Elf:2    | Paralysed by an air elemental for 1 turns
 46362 | Elf:2    | Found a runed translucent gate.
 46362 | Elf:2    | Found a runed translucent gate.
 46362 | Elf:2    | Found a runed translucent gate.
 46759 | Elf:2    | Paralysed by an air elemental for 1 turns
 46858 | Elf:2    | Noticed Louise
 46884 | Elf:2    | Killed Louise
 46901 | Elf:2    | HP: 12/255 [something (12)]
 46903 | Elf:2    | HP: 3/170 [poisoned by a +0 glaive of venom]
 47564 | Elf:2    | Noticed Donald
 47567 | Elf:2    | Gained mutation: Your presence sometimes corrodes those you
                  | injure. [demonic ancestry]
 47567 | Elf:2    | Reached XP level 20. HP: 170/178 MP: 20/20
 47576 | Elf:2    | Killed Donald
 47576 | Elf:2    | Received a gift from Trog
 47577 | Elf:2    | Reached skill level 15 in Dodging
 47815 | Elf:3    | Entered Level 3 of the Elven Halls
 48067 | Elf:3    | Reached skill level 21 in Fighting
 48600 | Elf:3    | Identified the +1 robe of the Hippo {Harm Drain Dex+4
                  | Archmagi}
 48600 | Elf:3    | Identified the amulet of Xoigo {Faith MP+9 Str+2 Stlth+}
 48932 | Elf:3    | Found the +10 morningstar "Eos" {elec, Halo rElec}
 48936 | Elf:3    | Identified the amulet "Tuirreme" {Faith Int+4}
 48950 | Elf:3    | Identified the staff of air "Pir Macw" {rElec rC+}
 48952 | Elf:3    | Identified the +1 hand axe "Dafol" {venom, Str+2}
 49944 | Vaults:1 | Entered Level 1 of the Vaults
 50261 | Vaults:1 | Received a gift from Trog
 51839 | Vaults:2 | Received a gift from Trog
 52482 | Abyss:3  | Cast into level 3 of the Abyss (a wizard)
 52498 | Abyss:3  | Found a shimmering altar of Xom.
 52527 | Abyss:3  | Found a corrupted altar of Lugonu.
 52530 | Abyss:3  | Found a corrupted altar of Lugonu.
 52530 | Abyss:3  | Found a corrupted altar of Lugonu.
 52867 | Abyss:3  | Found a corrupted altar of Lugonu.
 53137 | Abyss:3  | Identified the +0 tower shield of Okawaru, Writhing
                  | {*Corrode Int+3}
 53152 | Abyss:3  | Found a corrupted altar of Lugonu.
 53766 | Abyss:4  | Received a gift from Trog
 53791 | Abyss:4  | Gained mutation: [You are very clumsy. (Dex -4)] [a
                  | neqoxec]
 53841 | Abyss:5  | Gained mutation: You do not regenerate when monsters are
                  | visible. [a neqoxec]
 53842 | Abyss:5  | Gained mutation: [Your body often deteriorates upon taking
                  | damage.] [a neqoxec]
 53922 | Abyss:5  | Killed from afar by a hellion

Illustrated notes

Levels and vault maps discovered:
D:1:      wander_arrival_estate, layout_basic,
          hellmonk_ecumenical_altar_leap_of_faith
D:2:      layout_rooms, minmay_heptomino_o4, uniq_sigmund
D:3:      layout_basic, skrybe_limestone_x
D:4:      layout_rooms, nicolae_vehumet_radiance, okawaru_altar_gauntlet_db,
          minmay_temple_entry_statues_fountains, chequers_arboretum,
          minmay_strange_pillars
D:5:      layout_rooms, minitemple, gammafunk_ghost_abyssal_escape,
          chequers_serial_rivers_small_a
D:6:      layout_basic, lemuel_crystal_altar
D:7:      layout_rooms, st_stairs_4, minmay_manual_monstrance
D:8:      minmay_chambers_of_sixes, layout_basic, eat_drink_and_be_merry_uskayaw
D:9:      layout_roguey, erik_lair_island, serial_shops, shop, minivault_16,
          st_stairs_9
D:10:     layout_layer_cave, lemuel_round_altar, minmay_statues_item
D:11:     layout_small_grid, kennysheep_opposing_triangles
D:12:     kennysheep_blocky_hall, layout_long_grid, david_orc_4, serial_shops,
          nicolae_shop_getting_attention, tgw_lugonu_bribe
D:13:     layout_irregular_city, david_vaults_5, uniq_kirke
D:14:     layout_rooms, gammafunk_ghost_stat_death, amethyst_killhole,
          hangedman_batty, uniq_rupert
D:15:     gammafunk_enter_depths_forms, layout_small_grid, serial_glass,
          glass_columns_c, glass_columns_a, glass_columns_a, glass_columns_c,
          glass_columns_c, glass_columns_b, gauntlet_entry_generic,
          hellmonk_ghost_happy_afterlife
Lair:1:   gammafunk_lair_enchanted_lake, layout_regular_city, lemuel_fruit_tree,
          lemuel_fruit_fields
Lair:2:   nzn_winding_woodlands_large [nzn_winding_woodlands_5x5_three,
          nzn_winding_woodlands_5x15_river_crossing,
          nzn_winding_woodlands_5x5_default,
          nzn_winding_woodlands_center_triple_pond,
          nzn_winding_woodlands_15x15_eel_pit,
          nzn_winding_woodlands_center_lodge,
          nzn_winding_woodlands_5x5_checkerboard,
          nzn_winding_woodlands_5x15_zeroes,
          nzn_winding_woodlands_5x5_perimeter], layout_cave_shapes,
          nzn_sisyphean_effort, uniq_maggie
Lair:3:   layout_gridlike, elwin_shoals_entry_stream,
          hellmonk_spider_entry_not_the_bees, uniq_sonja
Lair:4:   layout_cave_pods, lemuel_fruit_fields
Lair:5:   evilmike_catoblepas_cave, layout_big_grid, slime_entry_2,
          gammafunk_ghost_arena
Shoals:1: layout_shoals, serial_shops, shop
Shoals:2: layout_shoals, nicolae_shoals_land_atoll, wheals_shoals_ruined_temple
Shoals:3: layout_shoals, nicolae_shop_vocational
Shoals:4: shoals_end_grunt_garden, layout_shoals, shoals_ilsuiw_ice,
          nicolae_shoals_lost_giant_baths, nicolae_shoals_songs, uniq_mlioglotl
Spider:1: layout_chambers, uniq_azrael
Spider:2: layout_chambers, uniq_arachne, uniq_asterion
Spider:3: layout_spider_delve
Spider:4: hellmonk_spider_rune_endless_swarm
Orc:1:    layout_caves, portal_ice_cave_entry_pillars_1,
          nicolae_volcano_entry_s_turn, nicolae_shop_self_help
Orc:2:    grunt_orc_tribal_feast, layout_caves, serial_shops, nicolae_shop_trees
Elf:1:    eino_elf_arrival_shootout, layout_gridlike, hangedman_elf_represent,
          minmay_shoptagon
Elf:2:    elven_hall_of_blades_hangedman_original
          [nicolae_blade_entry_antechamber], layout_loops_corners, serial_shops,
          nicolae_shop_just_a_little_nook, uniq_donald, uniq_louise
Elf:3:    minmay_elf_hall_dome, layout_loops_cross
Vaults:1: ontoclasm_vaults_shout, v_misc_27, nicolae_vaults_big_ls,
          nicolae_vaults_oval_intersection, nicolae_vaults_yaktaur_gun_rack,
          nicolae_vaults_tetromino_Z_1, nicolae_vaults_storage_closets_2,
          nicolae_vaults_trapezoid_2, layout_vaults_omnigrid
Vaults:2: grunt_vaults_bifocal, minmay_crypt_entry_skeletal_spiral,
          hangedman_vaults_snaps, v_misc_19, v_rooms_4,
          nicolae_vaults_ninety_degrees, ontoclasm_vaults_ring_square,
          vaults_room_grunt_arrival_checkpoint, v_misc_9,
          nicolae_vaults_tetromino_T_1, nicolae_vaults_trapezoid_lopsided_2,
          nicolae_vaults_sesquioval_fish, nicolae_vaults_rhombus_6,
          nicolae_vaults_variable_pillar_hall, nicolae_vaults_tetromino_L_1,
          layout_vaults_omnibox, serial_shops, shop, uniq_jory
Abyss:5:  base: Depths:4, base: D:4, grunt_abyss_rune_wretched_hive,
          grunt_abyss_rune_wretched_hive, evilmike_abyss_exit_10,
          hangedman_decor_riveting, hangedman_abyss_river_spirits, minivault_22,
          spicy_pingpong_abyss_rune

Skill      XL: |  1  2  3  4  5  6  7  8  9 10 11 12 13 14 15 16 17 18 19 20 |
---------------+-------------------------------------------------------------+-----
Armour         | 2 3 4 5 6 8 10 13 14 | 14.8
Maces & Flails | 3 4 5 6 8 9 10 12 14 15 16 | 16.0
Fighting       | 4 5 6 7 9 10 11 13 14 15 17 18 19 20 21 | 21.8
Dodging        | 4 7 8 9 11 14 16 | 16.1
Long Blades    | 3 |  3.6
Shields        | 2 6 7 9 10 | 10.5
Evocations     | 5 9 12 13 | 13.8

Action                     |  1- 3 |  4- 6 |  7- 9 | 10-12 | 13-15 | 16-18 | 19-21 || total
---------------------------+-------+-------+-------+-------+-------+-------+-------++-------
  Melee: Mace              |    83 |    54 |       |       |       |       |       ||   137
         Punch             |     1 |     3 |     3 |    17 |    19 |       |       ||    43
         Flail             |       |   167 |   303 |   683 |       |       |       ||  1153
         Spear             |       |       |    17 |       |       |       |       ||    17
         Morningstar       |       |       |       |   173 |   962 |       |       ||  1135
         Long sword        |       |       |       |       |   219 |       |       ||   219
         Eveningstar       |       |       |       |       |   705 |  1537 |  1423 ||  3665
         Bite              |       |       |       |       |    65 |   220 |   183 ||   468
 Invoke: Berserk           |     1 |     2 |     6 |    18 |    20 |     9 |     5 ||    61
         Trog's Hand       |       |       |       |     2 |     3 |     1 |     9 ||    15
         Brothers in Arms  |       |       |       |       |     3 |     2 |     2 ||     7
  Evoke: Box of beasts     |       |       |       |       |       |       |     1 ||     1
    Use: Scroll            |       |     7 |     4 |     8 |    13 |    20 |    17 ||    69
         Potion            |       |       |     1 |       |     7 |     1 |    10 ||    19
   Stab: Distracted        |       |       |       |     7 |     3 |     2 |     2 ||    14
         Petrified         |       |       |       |       |     4 |       |       ||     4
 Armour: Ring mail         |    23 |    76 |    59 |       |       |       |       ||   158
         Animal skin       |     3 |       |       |       |       |       |       ||     3
         Acid dragon scale |       |       |    38 |   322 |   832 |   570 |   313 ||  2075
  Dodge: Dodged            |   100 |   233 |   249 |   675 |  1413 |  1012 |   709 ||  4391
         Repelled          |       |       |       |       |       |     6 |    30 ||    36
  Block: Other             |       |    25 |    43 |   143 |   163 |       |       ||   374
         Kite shield       |       |       |       |       |   546 |  1661 |  1133 ||  3340

Table legend: (Time is in decaauts)
 A = Elapsed time spent in this place.
 B = Non-inter-level travel time spent in this place.
 C = Inter-level travel time spent in this place.
 D = Time resting spent in this place.
 E = Time spent auto-exploring this place.
 F = Levels seen in this place.
 G = Mean time per level.
                   A        B        C        D        E       F      G
               +--------+--------+--------+--------+--------+-----+--------+
         Total |  54162 |  50737 |   3425 |  17170 |  18503 |  40 | 1354.1 |
       Dungeon |  19607 |  18012 |   1595 |   5950 |   7753 |  15 | 1307.1 |
          Lair |  10613 |   9455 |   1158 |   3751 |   3050 |   5 | 2122.6 |
        Shoals |   5277 |   5116 |    161 |   1468 |   2014 |   4 | 1319.2 |
   Spider Nest |   6765 |   6613 |    152 |   2185 |   2535 |   4 | 1691.2 |
  Orcish Mines |   2387 |   2253 |    134 |    919 |    684 |   2 | 1193.5 |
   Elven Halls |   4645 |   4483 |    162 |   1192 |   1432 |   3 | 1548.3 |
        Vaults |   2484 |   2425 |     59 |    713 |   1032 |   2 | 1242.0 |
         Abyss |   1407 |   1407 |      0 |    704 |      2 |   3 |  469.0 |
      Ice Cave |    431 |    431 |      0 |     68 |      0 |   1 |  431.0 |
      Gauntlet |    541 |    541 |      0 |    217 |      0 |   1 |  541.0 |
               +--------+--------+--------+--------+--------+-----+--------+

Top non-repeatable levels by time:
  Lair:5: 3053 daAuts
  Lair:1: 2106 daAuts
    D:10: 2092 daAuts
  Lair:2: 2072 daAuts
Spider:2: 2068 daAuts
    D:12: 2034 daAuts
Shoals:4: 2025 daAuts
  Lair:4: 2010 daAuts
Spider:1: 1958 daAuts
     D:9: 1933 daAuts
   Elf:2: 1895 daAuts
   Elf:3: 1884 daAuts
Spider:4: 1691 daAuts
     D:6: 1612 daAuts
    D:15: 1581 daAuts
